 Dungeon Crawl Stone Soup version 0.17.0-23-g0de4337 (webtiles) character file.

39 Hanyuu the Insei (level 3, 0/23 HPs)
             Began as an Octopode Transmuter on Nov 15, 2015.
             Engulfed by Sigmund's steam (8 damage)
             ... on level 2 of the Dungeon.
             The game lasted 00:04:15 (1685 turns).

Hanyuu the Insei (Octopode Transmuter)              Turns: 1685, Time: 00:04:15

Health: 0/23       AC:  1    Str:  9    XL:     3   Next: 45%
Magic:  6/6        EV: 12    Int: 16    God:
Gold:   62         SH:  0    Dex: 12    Spells: 1 memorised, 5 levels left

rFire  . . .     SeeInvis .       - Unarmed
rCold  . . .     Clarity  .     (no shield)
rNeg   + . .     SustAt   .     (helmet restricted)
rPois  .         Gourm    .     (no amulet)
rElec  .         Spirit   .     d - ring of positive energy
rCorr  .         Warding  .     (no ring)
rMut   .         Stasis   .     (no ring)
MR     .....                    (no ring)
Stlth  +++.......               (no ring)
                                (no ring)
                                (no ring)
                                (no ring)

@: not resistant to hostile enchantments, fairly stealthy
A: almost no armour, amphibious, 8 rings, constrict 8, camouflage 1, gelatinous
body 1
a: no special abilities


You were on level 2 of the Dungeon.
You were not hungry.

You visited 1 branch of the dungeon, and saw 2 of its levels.

You collected 62 gold pieces.

Inventory:

Missiles
 a - 12 arrows
 n - 34 poisoned needles
Jewellery
 d - a ring of positive energy (left tentacle)
Scrolls
 g - a scroll of fear {unknown}
 h - 3 scrolls of teleportation {unknown}
 j - 4 scrolls of identify {unknown}
 l - a scroll of enchant armour {unknown}
 m - a scroll of recharging {unknown}
Potions
 e - 2 potions of flight {unknown}
 f - a potion of curing {unknown}
 k - a potion of heal wounds {unknown}
Books
 b - a book of Changes

   Spells                             Type                      Level
   a - Beastly Appendage              Transmutation                1
   b - Sticks to Snakes               Transmutation                2
   c - Spider Form                    Transmutation/Poison         3
   d - Ice Form                       Ice/Transmutation            4
   e - Blade Hands                    Transmutation                5
Comestibles
 c - a bread ration
 i - a meat ration
 o - a chunk of flesh


   Skills:
 - Level 1.0 Fighting
 - Level 2.0 Dodging
 + Level 4.4 Unarmed Combat
 - Level 2.0 Spellcasting
 - Level 2.0 Transmutations


You had 5 spell levels left.
You knew the following spells:

 Your Spells              Type           Power        Failure   Level  Hunger
a - Beastly Appendage     Trmt           #.....       10%         1    #......


Dungeon Overview and Level Annotations

Branches:
Dungeon (2/15)

Altars:

Annotations:
D:2 Sigmund


Innate Abilities, Weirdness & Mutations

You cannot wear most types of armour.
You are amphibious.
You can wear up to eight rings at the same time.
You can use your tentacles to constrict eight enemies at once.
Your skin changes colour to match your surroundings (Stealth).
Your rubbery body absorbs attacks (AC +1).


Message History

o - a chunk of flesh Unknown command.
Unknown command.
h - 3 scrolls labeled KAUSOTHATOWK (gained 1)
There is an open door here.
Sigmund casts a spell.
Sigmund flickers and vanishes!
Deactivating autopickup; reactivate with Ctrl-A.
Something hits the plant.
Something hits the plant.
Something hits you but does no damage. Something hits you!
You hear some strange, mumbled words.
A puff of flame appears from out of thin air!
The puff of flame misses you.
Really walk into that cloud of steam? [Y]es or [N]o only, please.
Really walk into that cloud of steam?
You are engulfed in a cloud of scalding steam.
You die...

.. #........#.# ### ...
####+####.########.# #..
....♣P♣≈≈≈♣≈P.#### #.# ###
≈≈≈≈♣≈♣≈♣♣≈≈♣≈♣≈≈### #.#
P≈≈♣≈≈P≈≈≈≈≈≈≈≈≈♣≈♣≈♣##.#
♣♣≈≈≈PP≈≈≈≈≈P♣P≈≈≈≈≈≈≈##.#
≈♣P≈P≈≈≈≈≈≈≈≈≈≈{P≈≈♣≈≈≈♣♣#.#
###
≈≈≈PP≈≈≈≈≈≈≈≈≈≈§≈≈≈P≈≈≈≈≈≈.#
#.. ≈
≈≈≈≈≈≈≈≈≈≈≈≈≈≈@§§≈≈≈≈P≈P≈≈#
#.. ≈P
≈≈≈P≈≈≈≈≈≈≈≈≈≈≈≈§≈≈§≈≈≈♣≈#
#.. ≈≈P
♣≈≈≈≈≈≈≈≈≈≈≈≈≈≈≈§§§♣≈≈♣≈#
#..
♣≈≈♣≈≈♣≈≈≈≈≈≈≈≈≈≈≈P§§≈§≈≈≈.#
#..
♣≈≈≈≈≈≈≈≈≈≈≈≈≈≈≈♣≈§§≈P≈≈#.#
#..
#P≈PP≈≈≈≈≈≈≈≈≈≈≈≈≈≈≈§≈♣♣#.#
#..
##≈♣♣≈♣≈≈♣≈≈≈≈≈≈≈♣♣P♣≈≈.#.#
#.. ♣≈P♣♣♣♣♣♣♣≈♣≈♣♣≈♣##.#.#
### #.##♣♣♣≈♣≈♣♣♣## #.#.#


There were no monsters in sight!

Vanquished Creatures
  2 oozes
  A worm (D:2)
  A ball python (D:2)
  4 goblins (D:1)
  4 hobgoblins
  A quokka (D:1)
  5 bats
  3 giant newts
  4 kobolds (D:1)
  A rat (D:1)
26 creatures vanquished.

Notes
Turn   | Place    | Note
--------------------------------------------------------------
     0 | D:1      | Hanyuu the Octopode Transmuter began the quest for the Orb.
     0 | D:1      | Reached XP level 1. HP: 13/13 MP: 3/3
   372 | D:1      | Reached XP level 2. HP: 2/18 MP: 3/5
  1146 | D:1      | Reached skill level 4 in Unarmed Combat
  1182 | D:1      | Reached XP level 3. HP: 16/23 MP: 6/6
  1544 | D:2      | Noticed Sigmund
  1685 | D:2      | Engulfed by Sigmund's steam

Action                   || total
-------------------------++-------
Melee: Unarmed           ||    54
 Cast: Beastly Appendage ||     2
 Stab: Sleeping          ||     7
  Eat: Chunk             ||     2
